Map: Ruins of Seras

Players

Wintersc2 (Winter) - Winner!

  • Race: Zerg Zerg

QueenE

  • Race: Protoss Protoss

VOD

Have the link to the VOD?

Description

Time

  • Played on: April 8, 2015, 3:03 p.m.
  • Length: 9:34
Show
View Real Time Build Order
Export as new Build Order

Wintersc2 Zerg - Winner!

Build Orders: Hatch First 

Get SALT Encoding   

  12  0:01  Drone  
  13  0:14  Overlord  
  13  0:19  Drone  
  14  0:33  Drone x2  
  16  0:36  Drone  
  17  0:47  Drone  
  18  0:59  Hatchery  
  18  1:02  Drone  
  18  1:09  Drone  
  19  1:17  Spawning Pool  
  18  1:21  Drone  
  19  1:36  Drone  
  20  1:41  Extractor  
  20  1:45  Drone  
  20  1:55  Overlord  
  20  2:05  Queen  
  22  2:11  Queen, Zergling x4  
  27  2:15  Drone  
  27  2:24  Drone x2  
  29  2:42  Drone x2  
  29  2:43  Metabolic Boost  
  31  2:47  Queen  
  33  2:53  Drone x2  
  35  3:00  Overlord x2  
  35  3:09  Drone  
  36  3:21  Drone x2  
  36  3:22  Drone  
  36  3:26  Overlord  
  39  3:28  Hatchery, Drone x3  
  39  3:32  Drone  
  42  3:37  Drone x2  
  44  3:47  Roach Warren  
  43  3:49  Extractor  
  43  3:52  Drone x2  
  43  3:53  Extractor  
  43  4:03  Lair  
  43  4:05  Drone x5  
  43  4:06  Drone x3  
  50  4:10  Drone  
  50  4:14  Extractor  
  50  4:17  Drone  
  51  4:22  Spore Crawler  
  51  4:23  Spore Crawler  
  49  4:29  Drone x2  
  51  4:32  Overlord  
  51  4:37  Roach x3  
  51  4:38  Roach  
  59  4:40  Overlord  
  59  4:46  Drone x4  
  59  4:51  Evolution Chamber  
  62  4:56  Drone x2  
  62  4:58  Ravager x3  
  67  5:05  Glial Reconstitution  
  67  5:14  Overlord  
  67  5:15  Drone x3  
  67  5:16  Spore Crawler  
  67  5:17  Overseer  
  67  5:20  Spine Crawler  
  68  5:22  Spine Crawler  
  67  5:31  Drone x2  
  67  5:32  Drone x7  
  67  5:33  Drone  
  77  5:38  Zerg Missile Weapons Level 1  
  77  5:39  Drone x2  
  77  5:41  Drone  
  77  5:42  Drone  
  81  5:45  Ravager  
  81  5:47  Overlord  
  82  5:54  Overlord  
  82  6:07  Roach x4  
  82  6:11  Hatchery  
  88  6:15  Roach x5  
  88  6:16  Overlord  
  98  6:19  Extractor  
  98  6:20  Extractor  
  98  6:21  Overlord  
  96  6:31  Hydralisk Den  
  96  6:32  Drone x2  
  97  6:33  Drone  
  97  6:34  Ravager x3  
  97  6:35  Overlord  
  101  6:43  Roach x5  
  101  6:44  Overseer, Roach  
  113  6:52  Queen  
  115  6:57  Ravager  
  115  6:58  Ravager  
  115  6:59  Ravager x2  
  115  7:00  Overlord  
  119  7:02  Drone  
  119  7:03  Drone x2  
  119  7:05  Overlord  
  119  7:06  Overlord x2  
  122  7:12  Overlord  
  122  7:17  Overlord  
  122  7:18  Overlord, Muscular Augments  
  122  7:21  Overlord  
  122  7:22  Queen  
  124  7:26  Roach x3  
  124  7:27  Roach x2  
  124  7:29  Ravager x4  
  138  7:36  Roach x3  
  144  7:39  Roach x2  
  146  7:51  Roach  
  140  8:00  Roach  
  140  8:01  Roach  
  140  8:02  Roach x6  
  151  8:06  Roach  
  151  8:09  Hydralisk x4  
  151  8:11  Drone  
  147  8:28  Hydralisk x6  
  154  8:37  Hydralisk  
  154  8:39  Ravager x3  
  154  8:41  Drone  
  154  8:42  Drone x2  
  154  8:43  Drone  
  154  8:45  Extractor  
  154  8:46  Hydralisk x2, Extractor  
  154  8:47  Roach  
  154  8:48  Roach  
  164  8:53  Hydralisk  
  166  8:56  Hydralisk  
  166  9:01  Hydralisk x3  
  163  9:03  Drone  
  163  9:07  Hydralisk  
  163  9:09  Hydralisk  
Show
View Real Time Build Order
Export as new Build Order

QueenE Protoss 

Build Orders: 1 Gate Expand, Phoenix Opening, Blink Stalkers 

Get SALT Encoding   

  12  0:13  Probe, Pylon  
  13  0:25  Probe  
  14  0:34  Gateway  
  14  0:37  Probe (Chrono Boost)  
  15  0:49  Probe (Chrono Boost)  
  16  0:51  Assimilator  
  16  0:55  Probe (Chrono Boost)  
  17  1:20  Nexus  
  17  1:25  Assimilator  
  17  1:30  Zealot  
  19  1:38  Pylon  
  19  1:42  Probe  
  20  1:53  Cybernetics Core  
  20  1:57  Probe (Chrono Boost)  
  21  2:07  Probe (Chrono Boost)  
  22  2:14  Probe  
  23  2:24  Gateway  
  23  2:26  Forge  
  23  2:32  Sentry  
  25  2:40  Pylon  
  24  2:48  Gateway  
  24  2:54  Probe (Chrono Boost)  
  24  2:57  Assimilator  
  26  3:04  Probe (Chrono Boost)  
  26  3:05  Probe (Chrono Boost)  
  27  3:11  Photon Cannon  
  27  3:16  Probe (Chrono Boost)  
  27  3:17  Probe (Chrono Boost)  
  29  3:26  Warp Gate (Chrono Boost)  
  29  3:27  Probe (Chrono Boost)  
  30  3:28  Probe (Chrono Boost)  
  31  3:36  Mothership Core (Chrono Boost)  
  31  3:40  Probe (Chrono Boost)  
  34  3:47  Protoss Ground Weapons Level 1  
  34  3:50  Probe (Chrono Boost)  
  34  3:53  Probe (Chrono Boost)  
  36  3:57  Probe (Chrono Boost)  
  36  3:59  Stalker  
  40  4:06  Assimilator  
  40  4:07  Probe (Chrono Boost)  
  40  4:09  Assimilator  
  41  4:12  Probe (Chrono Boost)  
  41  4:15  Probe (Chrono Boost)  
  42  4:21  Probe (Chrono Boost)  
  42  4:22  Probe (Chrono Boost)  
  42  4:23  Sentry  
  46  4:24  Pylon  
  46  4:26  Phoenix  
  47  4:32  Probe (Chrono Boost)  
  47  4:34  Probe (Chrono Boost)  
  48  4:43  Probe (Chrono Boost), Robotics Facility  
  50  4:46  Probe (Chrono Boost)  
  50  4:47  Pylon  
  50  4:49  Probe (Chrono Boost)  
  51  4:55  Probe (Chrono Boost)  
  53  5:01  Probe (Chrono Boost)  
  53  5:03  Pylon  
  53  5:05  Probe (Chrono Boost)  
  54  5:08  Probe (Chrono Boost)  
  54  5:12  Probe, Twilight Council  
  56  5:18  Probe, Pylon  
  57  5:24  Sentry x2, Probe  
  57  5:25  Sentry  
  64  5:30  Probe  
  64  5:34  Immortal (Chrono Boost)  
  69  5:36  Probe  
  69  5:42  Probe, Pylon  
  71  5:48  Probe  
  71  5:49  Pylon  
  72  5:50  Blink (Chrono Boost)  
  72  5:51  Protoss Ground Weapons Level 2 (Chrono Boost)  
  72  5:55  Stalker  
  74  6:06  Observer (Chrono Boost)  
  75  6:15  Nexus  
  75  6:18  Pylon  
  75  6:21  Immortal (Chrono Boost), Pylon  
  79  6:28  Stalker  
  79  6:29  Stalker  
  79  6:30  Probe  
  84  6:37  Photon Cannon  
  84  6:42  Gateway  
  84  6:44  Gateway  
  84  6:53  Stalker x2  
  88  7:01  Immortal (Chrono Boost)  
  92  7:03  Sentry  
  92  7:07  Templar Archives  
  94  7:20  Pylon  
  94  7:27  Probe x2  
  96  7:32  Immortal (Chrono Boost)  
  96  7:35  Pylon  
  96  7:45  Stalker x3  
  96  7:46  Stalker  
  92  8:08  Immortal (Chrono Boost)  
  92  8:10  Probe x3  
  92  8:12  Stalker x4  
  107  8:15  Pylon  
  95  8:38  Stalker x3  
  95  8:39  Stalker  
  102  8:46  Gateway, Probe  
  103  8:54  Gateway  
  101  8:57  Gateway  
  101  9:02  Stalker x3  
  89  9:25  Zealot  
  89  9:26  Zealot x2  
Tags
 
Add a new tag
Caveats
  • Supply blocks, unpowered buildings, or Contaminate may cause inaccurate times.
  • Supply counts are checked every 10 seconds.